 Dungeon Crawl Stone Soup version 0.18-a0-1797-gc18daef (webtiles) character file.

19 Duffy the Skirmisher (level 2, 0/28 HPs)
             Began as a Naga Wanderer on Apr 22, 2016.
             Slain by an adder (1 damage)
             ... on level 2 of the Dungeon.
             The game lasted 00:01:03 (1496 turns).

Duffy the Skirmisher (Naga Wanderer)                Turns: 1496, Time: 00:01:03

Health: 0/28       AC:  1    Str: 16    XL:     2   Next: 75%
Magic:  3/3        EV: 10    Int: 12    God:
Gold:   45         SH:  8    Dex:  8    Spells: 0 memorised, 3 levels left

rFire  . . .     SeeInvis +     e - +0 club
rCold  . . .     Gourm    .     d - +0 robe
rNeg   . . .     Faith    .     a - +0 shield
rPois  +         Spirit   .     (no helmet)
rElec  .         Dismiss  .     (no cloak)
rCorr  .         Reflect  .     (no gloves)
SustAt .         Harm     .     (no barding)
MR     .....                    (no amulet)
Stlth  ++........               (no ring)
                                r - +3 ring of evasion

@: lethally poisoned (0 -> -4), very slow, not resistant to hostile
enchantments, unstealthy
A: see invisible, deformed body, poison resistance, slowness 2, slow metabolism
1, spit poison 2, AC +0
a: Spit Poison


You were on level 2 of the Dungeon.
You were hungry.

You visited 1 branch of the dungeon, and saw 2 of its levels.

You collected 45 gold pieces.


Innate Abilities, Weirdness & Mutations

You cannot wear boots.
Your serpentine skin is tough (AC +0).
You have supernaturally acute eyesight.
Armour fits poorly on your strangely shaped body.
Your system is resistant to poisons.
You cover ground very slowly.
You have a slow metabolism.
You can spit poison.


   Skills:
 - Level 3.0 Fighting
 - Level 1.5 Stealth
 + Level 2.2 Shields
 - Level 1.0 Unarmed Combat
 - Level 1.0 Spellcasting
   Level 1.0 Fire Magic
   Level 1.0 Earth Magic
   Level 1.0 Evocations


You had 3 spell levels left.
You didn't know any spells.

Inventory:

Hand Weapons
 e - a +0 club (weapon)
Armour
 a - a +0 shield (worn)
 d - a +0 robe (worn)
Jewellery
 p - an uncursed ring of fire
 r - a +3 ring of evasion (left hand)
Scrolls
 g - 2 scrolls of magic mapping {unknown}
 h - 2 scrolls of random uselessness {unknown}
 j - a scroll of enchant weapon {unknown}
 l - a scroll of remove curse {unknown}
 n - 2 scrolls of identify {unknown}
 o - a scroll of blinking {unknown}
 q - a scroll of teleportation {unknown}
Potions
 b - 2 potions of curing
 c - a potion of lignification
 k - a potion of brilliance {unknown}
 m - a potion of degeneration {unknown}
Comestibles
 f - a bread ration
 i - a meat ration
 s - a fruit

Dungeon Overview and Level Annotations

Branches:
Dungeon (2/15)

Altars:


Message History

You are too injured to fight recklessly!
You are too injured to fight recklessly!
You are too injured to fight recklessly!
You are too injured to fight recklessly!
You are too injured to fight recklessly!
You are too injured to fight recklessly!
You are too injured to fight recklessly!
You are too injured to fight recklessly!
You are too injured to fight recklessly!
You are too injured to fight recklessly!
You are too injured to fight recklessly!
You are too injured to fight recklessly!
You are too injured to fight recklessly!
You feel sick. You block the bat's attack. The adder closely misses you.
You block the goblin's attack. The adder bites you. You block the bat's attack.
The adder barely misses you.
You feel sick. You block the bat's attack. x2
You hit the bat.
You kill the bat!
The adder barely misses you.
You hit the adder.
The adder is moderately wounded.
The adder bites you. x2
You are lethally poisoned!
The adder poisons you!
You miss the adder.
The adder is moderately wounded.
You feel sick. The adder bites you. The adder barely misses you.
You hit the adder.
The adder is heavily wounded.
You feel sick. You block the adder's attack.
You barely miss the adder.
The adder is heavily wounded.
You feel sick. You block the adder's attack. The adder bites you.
You die...

..########### #....<..#
.###### ##..##### ........#
####..# .........# #.....#
.!.......# #.....##
.........# #......#####
.........# #...........
.........#######.....>#####
........gS@.........#.#
.........#######.#.##.#
.........# #.....#....#
.........# #.##########
.........###.#
.............#
##############


You could see an adder and a goblin.

Action                   || total
-------------------------++-------
Melee: Club              ||    85
 Stab: Sleeping          ||     3
Armor: Robe              ||    20
Dodge: Dodged            ||    39
Block: Shield            ||    35

Notes
Turn   | Place    | Note
--------------------------------------------------------------
     0 | D:1      | Duffy the Naga Wanderer began the quest for the Orb.
     0 | D:1      | Duffy set off with: a +0 shield, a potion of curing, a potion of lignification, a +0 robe, a +0 club, a bread ration
     0 | D:1      | Reached XP level 1. HP: 21/21 MP: 2/2
   639 | D:1      | Reached XP level 2. HP: 26/28 MP: 3/3
   877 | D:1      | Reached skill level 2 in Shields
  1496 | D:2      | Slain by an adder

Vault maps used:
D:1:      dpeg_arrival_tiny_a, nrook_uturn, minmay_misc_feat_encased
D:2:      first_bread

Vanquished Creatures
  5 bats
  2 giant cockroaches
  A goblin
  4 hobgoblins
  6 rats
18 creatures vanquished.
